 Dungeon Crawl Stone Soup version 0.28.0 (webtiles) character file.

Game seed: 13340467710115196231

175820 dolemite99 the Warrior (level 17, 0/142 (148) HPs)
             Began as a Minotaur Fighter on Feb 4, 2022.
             Was an Elder of Hepliaklqana.
             Slain by a culicivora (2 damage)
             ... led by a torpor snail
             ... on level 4 of the Spider Nest on Feb 5, 2022.
             The game lasted 00:59:14 (43778 turns).

dolemite99 the Warrior (Minotaur Fighter)          Turns: 43778, Time: 00:59:14

HP:   0/142 (148)   AC: 26    Str: 28    XL:     17   Next: 48%
MP:   23/25         EV:  8    Int:  5    God:    Hepliaklqana [****..]
Gold: 3429          SH: 12    Dex: 25    Spells: 16/16 levels left

rFire   . . .      SeeInvis +   a - +11 hand axe "Itox" {vorpal, Dex+6}
rCold   + + .      Faith    .   c - +1 buckler
rNeg    . . .      Spirit   .   G - +0 plate armour
rPois   +          Reflect  +   (helmet restricted)
rElec   .          Harm     .   J - +1 cloak
rCorr   .          Rampage  .   j - +1 pair of gloves
Will    +....                   C - +1 pair of boots of the End {rC++ Str+4 SInv}
Stlth   ..........              l - amulet of the Past {Reflect Str-2 Dex+6 SH+5}
HPRegen 0.33/turn               Z - ring of poison resistance
MPRegen 0.19/turn               m - +4 ring of protection {=R}

@: corroded, studying Earth Magic, lightly drained, invisible
A: reduced essence, horns 2, retaliatory headbutt
a: Renounce Religion, Recall Ancestor, Ancestor Identity, Transference, Idealise


You were on level 4 of the Spider Nest.
You worshipped Hepliaklqana.
Hepliaklqana was greatly pleased with you.
You visited 6 branches of the dungeon, and saw 31 of its levels.

You collected 3844 gold pieces.
You spent 415 gold pieces at shops.

Inventory:

Hand Weapons
 a - the +11 hand axe "Itox" (weapon) {vorpal, Dex+6}
   (You found it on level 1 of the Lair of Beasts)

   It inflicts extra damage upon your enemies.
   Dex:       It affects your dexterity (+6).
 b - a +0 hand crossbow
 k - the +4 dagger of Attainder {holy, rC+ SInv}
   (You found it on level 3 of the Lair of Beasts)

   It has been blessed by the Shining One to cause great damage to the undead
   and demons.
   rC:        It protects you from cold.
   SInv:      It lets you see invisible.
 H - a +1 broad axe
 K - a +7 vampiric trident
Missiles
 y - 6 javelins (quivered)
 A - 44 poisoned darts
 L - 180 bolts
Armour
 c - a +1 buckler (worn)
 j - a +1 pair of gloves (worn)
 C - the +1 pair of boots of the End (worn) {rC++ Str+4 SInv}
   (You found it on level 7 of the Dungeon)

   Str:       It affects your strength (+4).
   rC:        It greatly protects you from cold.
   SInv:      It lets you see invisible.
 G - a +0 plate armour (worn)
 J - a +1 cloak (worn)
Jewellery
 e - the ring "Ziohugga" {EV+4 Int+2}
   (You found it on level 2 of the Shoals)

   [ring of evasion]

   EV:        It affects your evasion (+4).
   Int:       It affects your intelligence (+2).
 g - a ring of resist corrosion
 l - the amulet of the Past (around neck) {Reflect Str-2 Dex+6 SH+5}
   (You found it on level 2 of the Dungeon)

   [amulet of reflection]

   It reflects blocked missile attacks.
   Str:       It affects your strength (-2).
   Dex:       It affects your dexterity (+6).
   SH:        It affects your SH (+5).
 m - a +4 ring of protection (right hand) {=R}
 U - a ring of wizardry
 Z - a ring of poison resistance (left hand)
Wands
 d - a wand of digging (11)
 n - a wand of mindburst (1)
 N - a wand of iceblast (7)
 O - a wand of charming (5)
 R - a wand of polymorph (16)
Scrolls
 s - 5 scrolls of fog
 t - 4 scrolls of vulnerability
 z - a scroll of silence
 D - 4 scrolls of identify {@r1}
 F - 12 scrolls of teleportation
 Q - 4 scrolls of blinking
 T - a scroll of magic mapping
 X - 6 scrolls of amnesia
Potions
 h - 3 potions of magic
 i - 3 potions of attraction
 o - a potion of haste
 p - 5 potions of lignification
 q - 8 potions of curing
 u - 7 potions of might
 v - 12 potions of flight
 w - a potion of cancellation
 x - 5 potions of degeneration
 B - 4 potions of berserk rage
 E - 4 potions of brilliance
 M - 4 potions of resistance
 P - a potion of invisibility
 Y - 5 potions of mutation
Miscellaneous
 f - a phial of floods (inert)
 r - a condenser vane (inert)
 S - a box of beasts (inert)
 V - a tin of tremorstones (inert)


   Skills:
 + Level 18.2 Fighting
 - Level 14.1(16.6) Axes
 - Level 14.6(16.9) Polearms
 - Level 9.1 Crossbows
 + Level 18.2 Armour
 - Level 4.3 Shields
 - Level 12.2 Invocations
 + Level 10.0 Evocations


You had 16 spell levels left.
You didn't know any spells.
Your spell library contained the following spells:

 Spells                   Type           Power      Damage    Failure   Level
 Pain                     Necr           0%         1d4       98%         1
 Sandblast                Erth           0%         2d4       98%         1
 Scorch                   Fire           0%         2d5       99%         2
 Static Discharge         Conj/Air       0%         N/A       99%         2
 Conjure Flame            Conj/Fire      0%         6-21      100%        3
 Dazzling Flash           Conj/Hex       0%         N/A       100%        3
 Ignite Poison            Fire/Tmut/Pois 0%         N/A       100%        3
 Stone Arrow              Conj/Erth      0%         3d7       100%        3
 Summon Guardian Golem    Hex/Summ       0%         N/A       100%        3
 Tukima's Dance           Hex            0%         N/A       100%        3
 Animate Armour           Summ/Erth      0%         N/A       100%        4
 Flame Wave               Conj/Fire      0%         2d4       100%        4
 Leda's Liquefaction      Hex/Erth       0%         N/A       100%        4
 Passage of Golubria      Tloc           0%         N/A       100%        4
 Petrify                  Tmut/Erth      0%         N/A       100%        4
 Sticky Flame             Conj/Fire      0%         2d3       100%        4
 Agony                    Necr           0%         N/A       100%        5
 Alistair's Intoxication  Tmut/Pois      0%         N/A       100%        5
 Borgnjor's Vile Clutch   Necr/Erth      0%         N/A       100%        5
 Excruciating Wounds      Necr           0%         N/A       100%        5
 Lee's Rapid Deconstruct  Erth           0%         3d5*      100%        5
 Lightning Bolt           Conj/Air       0%         1d11      100%        5
 Yara's Violent Unravell  Hex/Tmut       0%         3d3       100%        5
 Conjure Ball Lightning   Conj/Air       0%         3x3d6     100%        6
 Eringya's Noxious Bog    Tmut/Pois      0%         N/A       100%        6
 Statue Form              Tmut/Erth      0%         N/A       100%        6
 Summon Cactus Giant      Summ           0%         N/A       100%        6
 Orb of Destruction       Conj           0%         9d5       100%        7
 Spellforged Servitor     Conj/Summ      0%         N/A       100%        7
 Lehudib's Crystal Spear  Conj/Erth      0%         10d2      100%        8
 Maxwell's Capacitive Co  Air            0%         ∞         100%        8


Dungeon Overview and Level Annotations

Branches:
Dungeon (15/15)            Temple (1/1) D:5            Lair (6/6) D:9
 Shoals (3/4) Lair:4       Spider (4/4) Lair:4          Orc (2/2) D:9
    Elf (0/3) Orc:2        Vaults (0/5) D:14         Depths (0/4) D:15
  Slime: Lair:5-6

Altars:
Ashenzari
Dithmenos
Elyvilon
Fedhas
Gozag
Hepliaklqana
Kikubaaqudgha
Makhleb
Nemelex Xobeh
Okawaru
Qazlal
Ru
Sif Muna
Trog
Uskayaw
Vehumet
Wu Jian
Xom
Yredelemnul
Zin
The Shining One
Lugonu

Shops:
D:9 *   Orc:2 [::[   Shoals:2 (

Portals:
Hell: Lair:6
Abyss: Orc:1
Trove: D:13 (show abyssal rune of Zot)

Annotations:
D:4 Sigmund
D:9 3 runed translucent doors, vvl's ghost, novice DsFi
D:12 4 runed translucent doors
Lair:5 1 runed translucent door, exclusion: oklob plant, freelancePsychic's ghost, journeyman DjCA
Spider:2 2 transporters, 1 runed translucent door, Tacit's ghost, journeyman GrMo; jjjjhere's ghost, adept OgSu


Innate Abilities, Weirdness & Mutations

Your life essence is reduced to manifest your ancestor. (-10% HP)
You have a pair of horns on your head.
You reflexively headbutt those who attack you in melee.


Message History

Press: ? - help, Dir - move target
As you read the scroll of blinking, it crumbles to dust.
Njabulo blocks the wolf spider's attack.
The wolf spider bites Njabulo!
The wolf spider barely misses Njabulo.
The wolf spider bites Njabulo but does no damage.
Njabulo hits the wolf spider with a +0 broad axe of flaming.
Njabulo burns the wolf spider.
Njabulo hits the entropy weaver with a +0 broad axe of flaming.
Njabulo burns the entropy weaver.
You feel better.
Njabulo blocks the wolf spider's attack. x2
The wolf spider hits Njabulo but does no damage.
The wolf spider bites Njabulo but does no damage.
Njabulo barely misses the wolf spider.
Njabulo hits the entropy weaver with a +0 broad axe of flaming!
Njabulo burns the entropy weaver.
Njabulo is recalled.
You block the culicivora's attack.
Njabulo blocks the wolf spider's attack.
The wolf spider bites Njabulo.
The culicivora bites you.
* * * LOW HITPOINT WARNING * * *
The culicivora draws strength from your injuries!
The wolf spider hits Njabulo.
The wolf spider bites Njabulo but does no damage.
Njabulo hits the wolf spider with a +0 broad axe of flaming.
Njabulo burns the wolf spider.
Njabulo hits the meliai with a +0 broad axe of flaming.
Njabulo burns the meliai.
You feel better. The culicivora closely misses you.
Njabulo blocks the wolf spider's attack. x2
The culicivora closely misses you.
The wolf spider hits Njabulo!!
Njabulo is destroyed!
The culicivora bites you but does no damage.
You feel better.
The tarantella hisses angrily.
The culicivora bites you!!
* * * LOW HITPOINT WARNING * * *
The culicivora draws strength from your injuries!
The culicivora bites you.
You die...

...... ......
...... .....s# #
....s..#.
...)w.... ###
s.s.s....
#####..#....^.y.<.
#@.........H.)#.°.
#sy......^## #...
###B.....s.. ####
#....s..[[..
#...s...[...
##.....s.###
#...........
#...^.......
#.........y.


You could see an entropy weaver, a wolf spider (wandering, berserk), a
culicivora (berserk), a tarantella, 2 redbacks and a meliai.

Vanquished Creatures
  Ilsuiw (Shoals:3)
  Roxanne (Shoals:3)
  5 emperor scorpions
  Louise (Spider:1)
  A ghost moth (Spider:1)
  3 broodmothers
  2 entropy weavers
  3 spark wasps
  2 merfolk impalers
  Erolcha (Orc:2)
  Fannar (D:12)
  6 hydras
  A rakshasa (D:12)
  3 centaur warriors
  A radroach (Spider:1)
  5 boulder beetles
  2 ice dragons
  A jorogumo (Spider:1)
  Erica (D:11)
  An alligator (Shoals:1)
  2 two-headed ogres
  A death knight (D:13)
  A tengu warrior (D:15)
  3 death yaks
  Sonja (Lair:6)
  2 orc high priests (Orc:2)
  A sixfirhy (Lair:6)
  A fire crab (Lair:4)
  3 pharaoh ants
  6 sea snakes (Shoals:1)
  A steelbarb worm (Spider:1)
  An orb spider (Spider:3)
  3 wizards (D:14)
  An orc knight (D:12)
  2 necromancers (D:14)
  4 harpies
  5 manticores
  An orc sorcerer (D:11)
  5 cyclopes
  5 wolf spiders
  3 elephants (Lair:2)
  6 ugly things
  6 fauns
  2 moths of wrath (Spider:3)
  Maurice (D:8)
  5 merfolk sirens
  A torpor snail (Spider:3)
  4 black mambas
  13 cane toads
  A gargoyle (D:11)
  2 orange demons (Lair:6)
  Psyche (D:12)
  An unseen horror (D:11)
  A yaktaur (D:13)
  3 rime drakes
  6 demonic crawlers
  2 kobold demonologists
  14 komodo dragons
  2 efreet
  A tengu conjurer (D:15)
  2 red devils (Lair:6)
  5 merfolk
  9 meliai
  7 tarantellas
  6 polar bears
  A wind drake (Shoals:1)
  3 slime creatures
  4 snapping turtles
  4 trolls
  A hornet (Lair:4)
  14 blink frogs
  3 dream sheep
  A jumping spider (shapeshifter) (D:13)
  3 culicivoras (Spider:1)
  12 jumping spiders
  A vampire (D:6)
  2 water elementals
  4 wraiths
  7 wyverns
  40 yaks
  A basilisk (D:11)
  12 humans (D:14)
  29 redbacks
  4 vampire mosquitoes (D:13)
  A warg (Orc:1)
  An acid dragon (D:7)
  2 hell hounds (Lair:6)
  12 water moccasins
  Duvessa (D:4)
  3 black bears
  2 ice beasts
  A hornet zombie (D:8)
  10 orc warriors
  A wolf (D:11)
  A necrophage (D:7)
  6 centaurs
  7 ogres
  3 phantoms (D:5)
  6 kobold brigands
  8 bullfrogs
  A wyvern zombie (D:8)
  2 gnoll sergeants
  3 scorpions
  A water moccasin zombie (D:6)
  A wyvern skeleton (D:7)
  Dowan (D:4)
  3 wights (D:7)
  5 howler monkeys (D:7)
  A bullfrog zombie (D:5)
  4 centaur zombies
  4 jellies
  3 centaur skeletons
  A gnoll shaman (D:10)
  3 hounds
  21 orc priests
  3 bullfrog skeletons
  3 iguanas
  19 orc wizards
  A killer bee zombie (D:7)
  A hound zombie (D:5)
  5 adders
  8 gnolls
  3 shadow imps
  4 white imps
  An adder skeleton (D:4)
  A worm (D:3)
  3 dart slugs
  46 orcs
  7 bats
  6 endoplasms
  2 giant cockroaches (D:3)
  3 goblins
  8 hobgoblins
  6 jackals
  17 kobolds
  2 quokkas
  5 ball pythons
  A frilled lizard (D:3)
  3 rats
618 creatures vanquished.

Vanquished Creatures (collateral kills)
  Arachne (Spider:3)
  3 emperor scorpions
  A broodmother (Spider:2)
  2 entropy weavers
  A spark wasp (Spider:3)
  Azrael (D:15)
  2 merfolk impalers (Shoals:2)
  A fire dragon (D:15)
  Josephine (Orc:2)
  3 hydras
  A boulder beetle (D:11)
  A rakshasa (D:14)
  2 vault guards (D:14)
  A centaur warrior (D:13)
  2 alligators (Shoals:1)
  A two-headed ogre (D:13)
  A death knight (D:12)
  An alligator snapping turtle (Shoals:1)
  3 death yaks
  2 orc high priests (Orc:2)
  A deep elf knight (D:14)
  4 sea snakes
  3 orb spiders
  3 pharaoh ants
  3 steelbarb worms
  2 wizards
  An orc knight (D:13)
  5 harpies
  6 wolf spiders
  A deep elf pyromancer (D:12)
  5 cyclopes
  4 fauns
  4 manticores
  An orc sorcerer (Orc:2)
  An elephant (Lair:4)
  A guardian serpent (shapeshifter) (D:13)
  A black mamba (Lair:3)
  A merfolk siren (Shoals:3)
  A centaur zombie (D:10)
  A smoke demon (Lair:6)
  2 cane toads
  A torpor snail (Spider:1)
  2 efreet (D:15)
  6 demonic crawlers
  2 ice devils (Lair:6)
  A freezing wraith (D:14)
  4 komodo dragons
  2 tengu conjurers (D:15)
  A polar bear (Lair:1)
  3 merfolk (Shoals:3)
  8 meliai
  2 wind drakes
  A troll (D:13)
  12 tarantellas
  4 slime creatures
  A blink frog (Lair:1)
  4 dream sheep
  A hornet (shapeshifter) (D:12)
  2 snapping turtles (Shoals:1)
  8 jumping spiders
  5 wraiths
  5 culicivoras
  14 yaks
  2 basilisks
  Grum (D:11)
  4 fire elementals (D:15)
  6 humans (D:14)
  17 redbacks
  A warg (Orc:1)
  4 hell hounds
  3 water moccasins
  2 ogres
  7 orc warriors
  3 wolves (D:11)
  4 bullfrogs
  A killer bee (D:10)
  2 electric eels (Lair:6)
  3 howler monkeys
  6 orc priests
  3 orc wizards
  7 orcs
  A kobold (D:8)
  A tentacle (Shoals:2)
249 creatures vanquished.

Vanquished Creatures (others)
  A wolf spider (Spider:3)
  13 knights
  2 ancestors
  23 fungi
  A lurking horror (Orc:1)
  29 plants
  12 tentacles (Shoals:2)
81 creatures vanquished.

Grand Total: 948 creatures vanquished

Notes
Turn   | Place    | Note
-------+----------+-------------------------------------------
     0 | D:1      | dolemite99 the Minotaur Fighter began the quest for the
                  | Orb.
     0 | D:1      | Reached XP level 1. HP: 19/19 MP: 0/0
   487 | D:1      | Reached XP level 2. HP: 26/26 MP: 1/1
   848 | D:2      | Identified the amulet of the Past {Reflect Str-2 Dex+6
                  | SH+5}
  1100 | D:2      | Reached XP level 3. HP: 31/31 MP: 2/2
  1139 | D:2      | Reached skill level 5 in Polearms
  1355 | D:2      | Reached XP level 4. HP: 39/39 MP: 3/3
  1592 | D:2      | Reached XP level 5. HP: 23/45 MP: 4/4
  2489 | D:3      | Found a faded altar of an unknown god.
  2662 | D:3      | Identified the +0 robe "Nomoad" {Str+7 Int-2}
  3556 | D:4      | Noticed an ogre
  3563 | D:4      | Killed an ogre
  3564 | D:4      | Reached XP level 6. HP: 20/51 MP: 5/5
  3928 | D:4      | Found a shimmering altar of Xom.
  4723 | D:4      | Noticed Dowan
  4724 | D:4      | Noticed Duvessa
  4977 | D:4      | Killed Duvessa
  4978 | D:4      | Reached XP level 7. HP: 33/57 MP: 6/6
  4984 | D:4      | Killed Dowan
  5316 | D:4      | Noticed Sigmund
  5347 | D:5      | Entered Level 5 of the Dungeon
  5347 | D:5      | Found a staircase to the Ecumenical Temple.
  5357 | Temple   | Entered the Ecumenical Temple
  5533 | Temple   | Became a worshipper of Hepliaklqana the Forgotten
  5648 | D:5      | Reached skill level 10 in Polearms
  5920 | D:5      | Reached XP level 8. HP: 32/64 MP: 7/7
  6849 | D:5      | Got the Tome of Aerial Beguiling
  6936 | D:7      | Found a flagged portal.
  7179 | D:7      | Reached * piety under Hepliaklqana
  7180 | D:7      | Identified the +1 pair of boots of the End {rC++ Str+4
                  | SInv}
  7371 | D:6      | Reached XP level 9. HP: 63/63 MP: 8/8
  7864 | D:6      | You fall into a shaft and drop 2 floors!
  8224 | D:7      | Reached skill level 5 in Fighting
  8224 | D:7      | Reached skill level 5 in Armour
  8919 | D:8      | Noticed a kobold demonologist
  8996 | D:8      | Killed a kobold demonologist
  8997 | D:8      | Noticed Maurice
  9011 | D:8      | Killed Maurice
  9012 | D:8      | Reached XP level 10. HP: 76/77 MP: 9/9
  9339 | D:8      | Reached ** piety under Hepliaklqana
  9340 | D:8      | Remembered your ancestor Njabulo as a knight
  9458 | D:8      | Noticed a two-headed ogre
  9462 | D:8      | Killed a two-headed ogre
 10074 | D:9      | Found Duuhyt's Assorted Antiques.
 10082 | D:9      | Bought a potion of curing for 51 gold pieces
 10082 | D:9      | Bought a blue potion for 15 gold pieces
 10082 | D:9      | Bought a brown potion for 15 gold pieces
 10082 | D:9      | Bought a scroll of identify for 34 gold pieces
 10082 | D:9      | Bought a wand of iceblast (3) for 68 gold pieces
 10106 | D:9      | Found a staircase to the Lair.
 10212 | D:9      | Reached skill level 1 in Invocations
 10577 | D:9      | Found a runed translucent gate.
 10577 | D:9      | Found a runed translucent gate.
 10577 | D:9      | Found a runed translucent gate.
 10578 | D:9      | Noticed vvl's ghost (novice DsFi)
 10693 | D:9      | Found a staircase to the Orcish Mines.
 10927 | D:10     | Entered Level 10 of the Dungeon
 10984 | D:10     | Reached skill level 1 in Evocations
 11119 | D:10     | Reached *** piety under Hepliaklqana
 11622 | D:10     | Reached skill level 5 in Evocations
 11669 | Lair:1   | Entered Level 1 of the Lair of Beasts
 11669 | Lair:1   | Noticed a black mamba
 11677 | Lair:1   | Killed a black mamba
 11868 | Lair:1   | Identified the +11 hand axe "Itox" {vorpal, Dex+6}
 11876 | Lair:1   | Noticed a black mamba
 11884 | Lair:1   | Reached skill level 1 in Axes
 11884 | Lair:1   | Reached XP level 11. HP: 74/85 MP: 12/12
 11912 | Lair:1   | Reached skill level 5 in Axes
 12805 | Lair:2   | Noticed a boulder beetle
 12832 | Lair:2   | Killed a boulder beetle
 12973 | Lair:2   | Reached skill level 10 in Axes
 13743 | Lair:2   | Reached XP level 12. HP: 92/92 MP: 13/13
 13748 | Lair:2   | Reached **** piety under Hepliaklqana
 14051 | Lair:3   | Identified the +4 dagger of Attainder {holy, rC+ SInv}
 14861 | Lair:3   | Noticed a five-headed hydra
 14870 | Lair:3   | Killed a five-headed hydra
 15761 | Lair:4   | Reached skill level 10 in Armour
 15763 | Lair:4   | Found a hole to the Spider Nest.
 15778 | Lair:4   | Reached skill level 10 in Fighting
 16453 | Lair:4   | Reached XP level 13. HP: 92/102 MP: 15/15
 16710 | Lair:4   | Reached skill level 5 in Invocations
 16844 | Lair:4   | Found a staircase to the Shoals.
 17122 | Lair:5   | Identified the +9 scimitar of Liny {vorpal, Int+4}
 17128 | Lair:5   | Found a runed translucent door.
 17131 | Lair:5   | Noticed freelancePsychic's ghost (journeyman DjCA)
 18084 | Lair:6   | Entered Level 6 of the Lair of Beasts
 18085 | Lair:6   | Noticed Sonja
 18090 | Lair:6   | Killed Sonja
 18426 | Lair:6   | Found an iron altar of Okawaru.
 18564 | Lair:6   | Reached ***** piety under Hepliaklqana
 18808 | Lair:6   | Reached skill level 1 in Crossbows
 19390 | Lair:6   | Reached skill level 5 in Crossbows
 19756 | Lair:6   | Found a burning altar of Makhleb.
 19764 | Lair:6   | Reached XP level 14. HP: 100/112 MP: 17/17
 19824 | Lair:6   | Found a gateway to Hell.
 20635 | D:11     | Noticed Erica
 20647 | D:11     | Killed Erica
 20931 | D:11     | Noticed Grum
 20957 | D:11     | Killed Grum
 21375 | Orc:1    | Entered Level 1 of the Orcish Mines
 21396 | Orc:1    | Found a one-way gate to the infinite horrors of the Abyss.
 21688 | Orc:1    | Found a corrupted altar of Lugonu.
 21979 | Orc:2    | Entered Level 2 of the Orcish Mines
 21979 | Orc:2    | Noticed Erolcha
 21984 | Orc:2    | Killed Erolcha
 22026 | Orc:2    | Noticed Josephine
 22037 | Orc:2    | Killed Josephine
 22718 | Orc:2    | Found Neniucah's Antique Armour Shoppe.
 22721 | Orc:2    | Found Uxuabare's Book Shoppe.
 22725 | Orc:2    | Found Xisaest's Antique Armour Emporium.
 22734 | Orc:2    | Found Gofaud Otoacw's Book Emporium.
 23066 | Orc:2    | Found a staircase to the Elven Halls.
 23846 | Orc:2    | Bought a pair of embroidered gloves for 232 gold pieces
 24413 | D:12     | Noticed Fannar
 25178 | D:12     | Killed Fannar
 25861 | D:12     | Noticed Psyche
 25867 | D:12     | Killed Psyche
 26457 | D:12     | Found a huge runed translucent gate.
 26457 | D:12     | Found a huge runed translucent gate.
 26457 | D:12     | Found a huge runed translucent gate.
 26457 | D:12     | Found a huge runed translucent gate.
 26777 | D:13     | Reached XP level 15. HP: 112/122 MP: 20/20
 27054 | D:13     | Found a portal to a secret trove of treasure.
 29558 | D:14     | Found a gate to the Vaults.
 30340 | D:15     | Entered Level 15 of the Dungeon
 30663 | D:15     | Found a staircase to the Depths.
 31121 | D:15     | Noticed Azrael
 31152 | D:15     | Killed Azrael
 32030 | Shoals:1 | Entered Level 1 of the Shoals
 32047 | Shoals:1 | Reached skill level 15 in Fighting
 32047 | Shoals:1 | Reached skill level 15 in Armour
 33328 | Shoals:1 | Reached XP level 16. HP: 114/134 MP: 21/21
 33904 | Shoals:2 | Noticed a kraken
 33920 | Shoals:2 | Found Ocut's Weapon Emporium.
 34481 | Shoals:2 | Identified the ring "Ziohugga" {EV+4 Int+2}
 34962 | Shoals:3 | Identified Roxanne's Disquisition on the Rocks
 34962 | Shoals:3 | Noticed Roxanne
 34964 | Shoals:3 | Reached skill level 10 in Invocations
 35376 | Shoals:3 | Noticed Ilsuiw
 35393 | Shoals:3 | Killed Ilsuiw
 35759 | Shoals:3 | Killed Roxanne
 36048 | Spider:1 | Entered Level 1 of the Spider Nest
 37212 | Spider:1 | Paralysed by a jorogumo for 1 turns
 39274 | Spider:1 | Noticed Louise
 39294 | Spider:1 | Killed Louise
 40220 | Spider:2 | Reached XP level 17. HP: 144/144 MP: 24/24
 41008 | Spider:2 | Found a transporter.
 41017 | Spider:2 | Noticed jjjjhere's ghost (adept OgSu)
 41221 | Spider:2 | Found a transporter.
 41263 | Spider:2 | Found a runed translucent door.
 41279 | Spider:2 | Noticed Tacit's ghost (journeyman GrMo)
 42088 | Spider:3 | Noticed Arachne
 42096 | Spider:3 | Killed Arachne
 43231 | Spider:4 | Entered Level 4 of the Spider Nest
 43426 | Spider:3 | Reached skill level 10 in Evocations
 43778 | Spider:4 | HP: 2/142 [culicivora[a torpor snail] (31)]
 43778 | Spider:4 | Slain by a culicivora

Illustrated notes

Levels and vault maps discovered:
D:1:      dpeg_arrival_leaves_temple_mockup, layout_basic
D:2:      layout_basic, serial_curves, eino_curves_03, eino_curves_03
D:3:      layout_loops_corners, nicolae_ecumenical_oubliette, dk_vineyard_3,
          minmay_surrounded
D:4:      layout_cave_pools, xom_teletrap_fun, uniq_duvessa, uniq_sigmund
D:5:      layout_cave_pools, temple_statues, minmay_bent
D:6:      layout_loops_ring
D:7:      minmay_chambers_of_sevens, layout_basic, enter_bailey_2
D:8:      layout_cave_pools, st_stairs_5, minmay_misc_feat_tiny, uniq_maurice
D:9:      layout_loops_corners, lair_entry_dummy, orc_0_dummy, serial_rivers,
          chequers_serial_rivers_micro_a, chequers_serial_rivers_micro_a,
          chequers_serial_rivers_large_a, chequers_serial_rivers_small_3,
          chequers_serial_rivers_micro_a, chequers_serial_rivers_micro_a,
          serial_shops, nicolae_shop_advertising_works
          [nicolae_subvault_shop_adworks], gammafunk_ghost_spectres
D:10:     minmay_inner_zag, layout_rooms
D:11:     layout_basic, nzn_sisyphean_effort, uniq_erica, uniq_grum
D:12:     lemuel_bear_cage, layout_cross, minivault_28, uniq_psyche, uniq_fannar
D:13:     cheibrodos_orc_bank, layout_irregular_city,
          nicolae_trove_entry_crossroad
D:14:     layout_gridville, grunt_vaults_entry_tiered
D:15:     grunt_enter_depths_hoard, layout_loops_ring, uniq_azrael
Temple:   mainiacjoe_temple_starburst
Lair:1:   layout_cave_pods, chequers_serial_rivers_micro_e,
          cheibrodos_lair_lostbears
Lair:2:   layout_misc_corridors, serial_bayou_shore_a
Lair:3:   layout_cave_pods, nzn_random_ring, infiniplex_staircase_pool
Lair:4:   layout_gridlike, minmay_shoals_entry_lonely_mermaid,
          spider_nest_entry_a, beast_lair_carwin_5
Lair:5:   layout_cellular_growth, minmay_slime_entry_oklob_enclosed,
          ebering_ghost_inner_flame
Lair:6:   evil_forest, layout_cave_pods, basic_altar,
          chequers_serial_rivers_small_a, nicolae_quartered_pool_super,
          uniq_sonja
Shoals:1: layout_shoals, nicolae_shoals_goliath_grotto
Shoals:2: layout_shoals, serial_shops, shop_statue, overgrown_hall
Shoals:3: layout_shoals, uniq_ilsuiw, uniq_roxanne
Spider:1: nicolae_spider_hilbert_zone_2 [nicolae_spider_hilbert_4_sides_1_open,
          nicolae_spider_hilbert_4_sides_1_open,
          nicolae_spider_hilbert_4_sides_1_open,
          nicolae_spider_hilbert_4_sides_1_open,
          nicolae_spider_hilbert_6_sides_1_open,
          nicolae_spider_hilbert_6_sides_1_open,
          nicolae_spider_hilbert_3_sides_1_open,
          nicolae_spider_hilbert_3_sides_1_open,
          nicolae_spider_hilbert_3_sides_1_open,
          nicolae_spider_hilbert_3_sides_1_open,
          nicolae_spider_hilbert_6_sides_1_open,
          nicolae_spider_hilbert_6_sides_1_open,
          nicolae_spider_hilbert_6_sides_1_open,
          nicolae_spider_hilbert_6_sides_1_open], uniq_louise
Spider:2: cheibrodos_spider_deadly_dance, nzn_ghost_randoct, drop_trap
Spider:3: layout_spider_delve, drop_trap, uniq_arachne
Spider:4: spider_rune_water, gammafunk_ghost_mausoleum
Orc:1:    layout_caves, amcnicky_altar_lugonu_corruption
Orc:2:    st_orc_mages, layout_caves, uniq_josephine, uniq_erolcha

Skill      XL: |  1  2  3  4  5  6  7  8  9 10 11 12 13 14 15 16 17 |
---------------+----------------------------------------------------+-----
Polearms       | 3 4 5 6 7 9 11 14 | 14.6
Fighting       | 7 8 10 11 13 15 17 18 | 18.2
Armour         | 7 8 10 11 13 15 17 18 | 18.2
Invocations    | 2 4 6 8 9 11 12 | 12.2
Evocations     | 5 7 8 9 10 | 10.0
Axes           | 1 12 14 | 14.1
Shields        | 4 |  4.3
Crossbows      | 6 9 |  9.1

Action                   |  1- 3 |  4- 6 |  7- 9 | 10-12 | 13-15 | 16-18 || total
-------------------------+-------+-------+-------+-------+-------+-------++-------
Melee: Trident           |    53 |   110 |   270 |   141 |    18 |       ||   592
       Headbutt          |     2 |    17 |    45 |    97 |    87 |    75 ||   323
       Hand axe          |       |       |       |   303 |   264 |   202 ||   769
 Fire: Hunting sling     |    12 |    53 |    33 |       |       |       ||    98
       Hand crossbow     |       |       |       |       |   829 |   387 ||  1216
Throw: Stone             |     7 |     8 |       |       |       |       ||    15
       Throwing net      |       |     1 |       |       |       |       ||     1
       Dart              |       |       |       |       |     9 |     1 ||    10
       Javelin           |       |       |       |       |     4 |    10 ||    14
Invok: Recall Ancestor   |       |       |     1 |     6 |    11 |     4 ||    22
       Ancestor Life: Kn |       |       |       |     1 |       |       ||     1
       Idealise          |       |       |       |       |    13 |    12 ||    25
Evoke: Wand              |       |       |     1 |     4 |    20 |    17 ||    42
       Box of beasts     |       |       |       |     2 |     3 |     4 ||     9
       Condenser vane    |       |       |       |       |     4 |     5 ||     9
       Tin of tremorston |       |       |       |       |     1 |     6 ||     7
       Phial of floods   |       |       |       |       |       |     2 ||     2
  Use: Scroll            |       |     9 |     6 |    14 |    15 |     5 ||    49
       Potion            |       |     6 |     2 |     4 |     1 |    11 ||    24
 Stab: Distracted        |       |       |     1 |    12 |     8 |     4 ||    25
       Fleeing           |       |       |       |     1 |       |       ||     1
Armor: Scale mail        |    18 |    37 |    40 |       |       |       ||    95
       Plate armour      |       |       |    13 |   155 |   244 |   289 ||   701
Dodge: Dodged            |    10 |    21 |    39 |    67 |    91 |   100 ||   328
Block: Buckler           |    20 |    40 |    93 |   175 |   246 |   211 ||   785
       Reflection        |       |     2 |     2 |     4 |    25 |     6 ||    39
